 Dungeon Crawl Stone Soup version 0.23.1 (webtiles) character file.

Game seed: 0

462 night the Insei (level 6, 0/61 HPs)
             Began as a Demonspawn Wizard on Mar 17, 2019.
             Slain by Prince Ribbit (16 damage)
             ... on level 5 of the Dungeon.
             The game lasted 00:11:21 (4471 turns).

night the Insei (Demonspawn Wizard)                 Turns: 4471, Time: 00:11:22

Health: 0/61       AC:  6    Str: 13    XL:     6   Next: 79%
Magic:  10/10      EV: 10    Int: 21    God:
Gold:   241        SH:  6    Dex: 11    Spells: 5/11 levels left

rFire    + . .     SeeInvis .     - Unarmed
rCold    . . .     Gourm    .   (no shield)
rNeg     . . .     Faith    .   v - +0 ring mail
rPois    +         Spirit   .   b - +0 hat
rElec    .         Reflect  .   z - +0 cloak
rCorr    .         Harm     .   (no gloves)
MR       .....                  (no boots)
Stlth    ..........             p - amulet of regeneration
HPRegen  0.60/turn              (no ring)
MPRegen  0.12/turn              (no ring)

@: berserking (expiring), very quick
A: large bone plates 2, fire resistance 1, poison resistance, powered by pain 1,
wild magic 1
a: no special abilities


You were on level 5 of the Dungeon.
You were very hungry.

You visited 1 branch of the dungeon, and saw 5 of its levels.

You collected 241 gold pieces.

Inventory:

Hand Weapons
 c - a +0 short sword
 f - a +3 short sword
 B - a +1 hunting sling of velocity
Missiles
 e - 63 sling bullets
 j - 84 stones (quivered)
Armour
 a - a +0 robe
 b - a +0 hat (worn)
 v - a +0 ring mail (worn)
 z - a +0 cloak (worn)
Jewellery
 n - an uncursed ring of fire
 p - an amulet of regeneration (around neck)
 y - an uncursed ring of see invisible {unknown}
Wands
 w - a wand of digging (3)
Scrolls
 g - 3 scrolls of amnesia {unknown}
 h - a scroll of immolation {unknown}
 i - 3 scrolls of teleportation {unknown}
 l - 6 scrolls of identify {unknown}
 o - 5 scrolls of enchant armour {unknown}
 q - 2 scrolls of random uselessness {unknown}
 t - 2 scrolls of remove curse {unknown}
Potions
 k - 2 potions of cancellation {unknown}
 m - a potion of berserk rage
 r - a potion of might {unknown}
 s - 2 potions of mutation
 u - a potion of resistance {unknown}
 x - a potion of brilliance {unknown}
 A - a potion of heal wounds {unknown}
 C - a potion of curing {unknown}
Comestibles
 d - 7 rations


   Skills:
 - Level 1.7 Dodging
 - Level 1.7 Stealth
 * Level 6.2 Unarmed Combat
 - Level 3.0 Spellcasting
 - Level 1.0 Conjurations
 - Level 1.0 Summonings
   Level 0.8 Translocations
 - Level 1.0 Air Magic


You had 5 spell levels left.
You knew the following spells:

 Your Spells              Type           Power        Failure   Level  Hunger
a - Magic Dart            Conj           #...         26%         1    None
b - Call Imp              Summ           #.......     36%         2    ##.....
c - Mephitic Cloud        Conj/Pois/Air  #.......     63%         3    ###....

Your spell library contained the following spells:

 Spells                   Type           Power        Failure   Level  Hunger
 Blink                    Tloc           N/A          38%         2    ##.....
 Slow                     Hex            #.......     50%         2    ##.....
 Conjure Flame            Conj/Fire      #.......     65%         3    ###....


Dungeon Overview and Level Annotations

Branches:
Dungeon (5/15)
 Temple: D:4-7

Altars:
Hepliaklqana
Qazlal
Uskayaw
Yredelemnul

Annotations:
D:5 Prince Ribbit


Innate Abilities, Weirdness & Mutations

You are mostly covered in large bone plates. (SH +6)
You sometimes gain a little power by taking damage.
Your flesh is heat resistant. (rF+)
Your system is resistant to poisons. (rPois)
Your spells are a little harder to cast, but a little more powerful.


Message History

Butcher a jackal corpse? [(y)es/(n)o/(a)ll/(q)uit/?]
Butcher a worker ant corpse? [(y)es/(n)o/(a)ll/(q)uit/?]
Okay, then.
You hit Prince Ribbit.
Prince Ribbit is lightly wounded.
Prince Ribbit hits you but does no damage.
You hit Prince Ribbit.
Prince Ribbit is moderately wounded.
Prince Ribbit hits you.
* * * LOW HITPOINT WARNING * * *
You closely miss Prince Ribbit.
Prince Ribbit is moderately wounded.
Prince Ribbit blinks!
The crimson imp blinks!
It was a potion of berserk rage.
A red film seems to cover your vision as you go berserk!
You feel yourself moving faster!
You feel mighty!
You are too injured to fight recklessly!
You feel a strong urge to attack something.
Prince Ribbit hits you!
You die...

#.#....#.##......# #######
#.#....#.##.._...###<....##
#.#.#..#.##..8_............
#......#.##.._...###.....##
#.....#.........## #.....#
######.#........5#..## #.....#
#.........##.....#.######.....##
#.........##...F................
#..............@#.#######.....##
#..........####.#.# #.#.#...
#.....<....# #†#.# ##.#.#.##
###############.#>. .........<
........######.##.#.#.#.
..............5 #.#.#.#.
........#...... # #.#.##
........#(..... #.#.. ........#
..... ###


You could see Prince Ribbit and a crimson imp.

Vanquished Creatures
  An ice beast (D:4)
  A howler monkey (D:5)
  A hound (D:5)
  An orc wizard (D:3)
  3 worker ants
  An iguana (D:4)
  A worker ant zombie (D:5)
  3 gnolls (D:3)
  4 adders
  2 worms
  A dart slug (D:1)
  4 leopard geckos
  6 orcs (D:3)
  2 giant cockroaches
  6 goblins
  9 hobgoblins
  11 jackals
  5 kobolds
  3 quokkas
  10 bats
  4 frilled lizards
  10 rats
89 creatures vanquished.

Vanquished Creatures (collateral kills)
  An adder (D:2)
1 creature vanquished.

Grand Total: 90 creatures vanquished

Notes
Turn   | Place    | Note
-------+----------+-------------------------------------------
     0 | D:1      | night the Demonspawn Wizard began the quest for the Orb.
     0 | D:1      | Reached XP level 1. HP: 13/13 MP: 4/4
    60 | D:1      | Reached skill level 1 in Unarmed Combat
   415 | D:1      | Gained mutation: You are partially covered in large bone
                  | plates. (SH +4) [demonic ancestry]
   415 | D:1      | Reached XP level 2. HP: 19/19 MP: 6/6
   852 | D:1      | Reached skill level 2 in Unarmed Combat
  1084 | D:1      | Learned a level 2 spell: Call Imp
  1213 | D:1      | Gained mutation: You are mostly covered in large bone
                  | plates. (SH +6) [demonic ancestry]
  1213 | D:1      | Reached XP level 3. HP: 15/24 MP: 7/7
  1813 | D:2      | Found a stormy altar of Qazlal.
  1904 | D:2      | Found a faded altar of an unknown god.
  2072 | D:2      | Reached skill level 3 in Unarmed Combat
  2164 | D:2      | Learned a level 3 spell: Mephitic Cloud
  2199 | D:2      | Found a hazy altar of Hepliaklqana.
  2393 | D:3      | Reached XP level 4. HP: 30/30 MP: 2/8
  2470 | D:3      | Reached skill level 1 in Air Magic
  2905 | D:3      | Reached skill level 4 in Unarmed Combat
  2905 | D:3      | Gained mutation: You sometimes gain a little power by
                  | taking damage. [demonic ancestry]
  2905 | D:3      | Reached XP level 5. HP: 27/35 MP: 6/9
  2964 | D:3      | You fall through a shaft for 2 floors!
  2964 | D:5      | Entered Level 5 of the Dungeon
  2965 | D:5      | Found a stormy altar of Qazlal.
  2965 | D:5      | Found a hide-covered altar of Uskayaw.
  2966 | D:5      | Found a basalt altar of Yredelemnul.
  2999 | D:5      | Noticed an ice beast
  3150 | D:4      | Reached skill level 5 in Unarmed Combat
  3409 | D:4      | Gained mutation: Your spells are a little harder to cast,
                  | but a little more powerful. [potion of mutation]
  3409 | D:4      | Gained mutation: Your system is resistant to poisons.
                  | (rPois) [potion of mutation]
  3409 | D:4      | Gained mutation: Your flesh is heat resistant. (rF+)
                  | [potion of mutation]
  3413 | D:4      | Reached XP level 6. HP: 16/41 MP: 5/10
  4265 | D:4      | Killed an ice beast
  4415 | D:5      | Reached skill level 6 in Unarmed Combat
  4418 | D:5      | Noticed Prince Ribbit
  4471 | D:5      | Slain by Prince Ribbit

Skill      XL: |  1  2  3  4  5  6 |
---------------+-------------------+-----
Unarmed Combat | 1 2 3 4 5 6 |  6.2
Air Magic      | 1 |  1.0
Dodging        | |  1.7
Stealth        | |  1.7
Spellcasting   | |  3.0
Conjurations   | |  1.0
Summonings     | |  1.0
Translocations | |  0.8

Action                   |  1- 3 |  4- 6 || total
-------------------------+-------+-------++-------
Melee: Short sword       |   104 |    33 ||   137
       Unarmed           |     5 |   151 ||   156
       Punch             |     1 |     6 ||     7
       Spear             |       |    84 ||    84
 Cast: Magic Dart        |    35 |    13 ||    48
       Call Imp          |     3 |       ||     3
       Mephitic Cloud    |     1 |     3 ||     4
  Use: Potion            |       |     3 ||     3
 Stab: Sleeping          |     9 |       ||     9
       Confused          |       |     1 ||     1
  Eat: Chunk             |     5 |     6 ||    11
Armor: Robe              |    26 |     2 ||    28
       Ring mail         |       |    56 ||    56
       Skin              |       |     2 ||     2
Dodge: Dodged            |    73 |    96 ||   169
Block: Other             |    29 |    56 ||    85
